 Dungeon Crawl Stone Soup version 0.21.1-1-g345015f (webtiles) character file.

72 nicolaieve the Chopper (level 4, 0/40 HPs)
             Began as a Minotaur Berserker on June 30, 2018.
             Was a Follower of Trog.
             Slain by a jackal (1 damage)
             ... on level 4 of the Dungeon.
             The game lasted 00:05:09 (1396 turns).

nicolaieve the Chopper (Minotaur Berserker)         Turns: 1396, Time: 00:05:10

Health: 0/40       AC:  6    Str: 22    XL:     4   Next: 6%
Magic:  3/3        EV:  6    Int:  4    God:    Trog [*.....]
Gold:   83         SH: 13    Dex: 10    Spells: 3/3 levels left

rFire    . . .     SeeInvis .   a - +0 hand axe
rCold    . . .     Gourm    .   g - +0 large shield
rNeg     . . .     Faith    .   f - +0 scale mail
rPois    .         Spirit   .   (helmet restricted)
rElec    .         Reflect  .   (no cloak)
rCorr    .         Harm     .   (no gloves)
MR       .....                  (no boots)
Stlth    ..........             (no amulet)
HPRegen  0.13/turn              (no ring)
MPRegen  0.08/turn              (no ring)

@: lethally poisoned (0 -> -5), berserk cooldown, starving, slowed, very slow
A: retaliatory headbutt, horns 2
a: Berserk, Burn Spellbooks, Renounce Religion


You were on level 4 of the Dungeon.
You worshipped Trog.
Trog was aware of your devotion.
You were starving.

You visited 1 branch of the dungeon, and saw 3 of its levels.

You collected 83 gold pieces.

Inventory:

Hand Weapons
 a - a +0 hand axe (weapon)
Armour
 b - a +0 animal skin
 f - a +0 scale mail (worn)
 g - a +0 large shield (worn)
 m - a +2 buckler
Wands
 j - a wand of clouds (8)
Scrolls
 e - 2 scrolls of amnesia {unknown}
 h - a scroll of fog {unknown}
 k - 2 scrolls of identify {unknown}
 l - a scroll of fear {unknown}
 n - 2 scrolls of teleportation {unknown}
 o - a scroll of random uselessness {unknown}
Potions
 d - 2 potions of curing {unknown}
Comestibles
 c - 2 rations
 i - 11 chunks of flesh


   Skills:
 + Level 4.0 Fighting
 * Level 4.9 Axes
 + Level 2.8 Armour
 - Level 2.1 Dodging
 * Level 2.1 Shields


You had 3 spell levels left.
You didn't know any spells.

Dungeon Overview and Level Annotations

Branches:
Dungeon (2/15)

Altars:
Xom


Innate Abilities, Weirdness & Mutations

You reflexively headbutt those who attack you in melee.
You have a pair of horns on your head.


Message History

The adder poisons you! You block the jackal's attack.
You miss the adder. You hit the jackal but do no damage.
You feel sick. You block the adder's attack. The jackal bites you.
* * * LOW HITPOINT WARNING * * *
The adder bites you but does no damage. The jackal barely misses you.
The adder bites you.
* * * LOW HITPOINT WARNING * * *
You closely miss the adder. You closely miss the jackal.
You feel sick. You block the jackal's attack. You block the adder's attack.
You block the jackal's attack. The adder bites you.
* * * LOW HITPOINT WARNING * * *
The jackal bites you.
* * * LOW HITPOINT WARNING * * *
You closely miss the adder. You closely miss the jackal.
Your skin stops crawling.
You feel less resistant to hostile enchantments.
* * * LOW HITPOINT WARNING * * *
You feel sick. You block the adder's attack. You block the jackal's attack.
The adder bites you but does no damage. The jackal bites you.
You die...

##########
####........#####
#...............######
#...........@S........
###..........h...)....
#####............###
#...........##
#...........#
#..(.........#
#............#..
#............##.
............


You could see an adder and a jackal.

Vanquished Creatures
  A worker ant (D:4)
  2 adders
  A worm (D:2)
  2 dart slugs (D:2)
  A giant cockroach (D:1)
  2 goblins (D:2)
  3 hobgoblins (D:2)
  4 kobolds
  3 bats
  3 frilled lizards
  A leopard gecko skeleton (D:4)
  4 rats
27 creatures vanquished.

Notes
Turn   | Place    | Note
-------+----------+-------------------------------------------
     0 | D:1      | nicolaieve the Minotaur Berserker began the quest for the Orb.
     0 | D:1      | Reached XP level 1. HP: 19/19 MP: 0/0
   283 | D:1      | Found a shimmering altar of Xom.
   562 | D:1      | Reached XP level 2. HP: 27/27 MP: 1/1
  1174 | D:2      | Reached skill level 1 in Shields
  1276 | D:2      | Reached XP level 3. HP: 27/33 MP: 2/2
  1342 | D:2      | Reached ** piety under Trog
  1348 | D:2      | You fall through a shaft for 2 floors!
  1380 | D:4      | Reached XP level 4. HP: 10/40 MP: 3/3
  1395 | D:4      | HP: 2/40 [jackal (2)]
  1396 | D:4      | Slain by a jackal

Skill      XL: |  1  2  3 |
---------------+----------+-----
Axes           | 4 |  4.9
Shields        | 1 2 |  2.1
Fighting       | 4 |  4.0
Armour         | |  2.8
Dodging        | |  2.1

Action                   |  1- 3 |  4- 6 || total
-------------------------+-------+-------++-------
Melee: Hand axe          |    81 |     4 ||    85
       Headbutt          |    15 |       ||    15
Invok: Trog's Hand       |     1 |     1 ||     2
       Berserk           |     1 |       ||     1
  Eat: Chunk             |     1 |       ||     1
Armor: Scale mail        |    24 |     2 ||    26
Dodge: Dodged            |    20 |     2 ||    22
Block: Large shield      |    59 |     9 ||    68
